 Dungeon Crawl Stone Soup version 0.30-a0-989-g0d87f670db (webtiles) character file.

Game seed: 13044615228059835722

11612 jtron the Prestidigitator (level 11, -3/83 HPs)
             Began as a Gnoll Wanderer on Apr 3, 2023.
             Was a High Priest of Okawaru.
             Slain by an eight-headed hydra (10 damage)
             ... on level 10 of the Dungeon.
             The game lasted 00:22:24 (9010 turns).

jtron the Prestidigitator (Gnoll Wanderer)          Turns: 9010, Time: 00:22:24

Health: -3/83      AC:  9    Str: 17    XL:     11   Next: 80%
Magic:  21/21      EV: 20    Int: 10    God:    Okawaru [*****.]
Gold:   719        SH:  0    Dex: 27    Spells: 16/23 levels left

rFire   + . .      SeeInvis .    a - +5 dagger (elec)
rCold   + + .      Faith    .    (no shield)
rNeg    . . .      Spirit   .    X - +0 acid dragon scales
rPois   .          Reflect  .    B - +2 hat
rElec   .          Rampage  +    u - +1 cloak "Ikostraol" {Harm *Corrode rF+ Slay+2}
rCorr   +          Harm     + .  (no gloves)
Will    .....                    w - +0 pair of boots "Dakydid" {Rampage rC+ Stlth+}
Stlth   +++++                    (no amulet)
HPRegen 0.33/turn                o - ring "Kuinucvi" {rC+ Str+6 Dex+3}
MPRegen 0.17/turn                v - +6 ring of dexterity

@: corroded
A: fangs 1, strong nose, distributed training
a: Renounce Religion, Heroism, Finesse, Duel


You were on level 10 of the Dungeon.
You worshipped Okawaru.
Okawaru was extremely pleased with you.
You visited 1 branch of the dungeon, and saw 10 of its levels.
You visited the Abyss 1 time.

You collected 719 gold pieces.

Inventory:

Hand Weapons
 a - a +5 dagger of electrocution (weapon)
 b - a +0 sling
Missiles
 c - 2 silver boomerangs
 g - 105 stones
 j - 2 atropa-tipped darts
 k - 34 poisoned darts (quivered)
 m - 7 throwing nets
 y - 8 javelins
 M - 2 curare-tipped darts
 R - 3 datura-tipped darts
Armour
 u - the +1 cloak "Ikostraol" (worn) {Harm *Corrode rF+ Slay+2}
   (You found it on level 3 of the Dungeon)

   Slay:      It affects your accuracy & damage with ranged weapons and melee
   (+2).
   rF:        It protects you from fire.
   *Corrode:  It may corrode you when you take damage.
   Harm:      It increases damage dealt and taken.
 w - the +0 pair of boots "Dakydid" (worn) {Rampage rC+ Stlth+}
   (You acquired it on level 4 of the Dungeon)

   rC:        It protects you from cold.
   Rampage:   It bestows one free step when moving towards enemies.
   Stlth:     It makes you more stealthy.
 B - a +2 hat (worn)
 J - a +1 troll leather armour {Snorg}
 X - +0 acid dragon scales (worn)
 Y - a +0 hat of intelligence
Jewellery
 o - the ring "Kuinucvi" (left hand) {rC+ Str+6 Dex+3}
   (You acquired it on level 2 of the Dungeon)

   [ring of strength]

   Str:       It affects your strength (+6).
   Dex:       It affects your dexterity (+3).
   rC:        It protects you from cold.
 t - a ring of flight
 v - a +6 ring of dexterity (right hand)
 E - a +6 ring of dexterity
 H - a ring of see invisible
 Z - a ring of resist corrosion
Wands
 d - a wand of flame (34)
 i - a wand of digging (9)
 I - a wand of roots (11)
 N - a wand of mindburst (9)
 Q - a wand of quicksilver (2)
Scrolls
 e - 2 scrolls of blinking
 l - 6 scrolls of teleportation
 s - a scroll of poison
 x - 2 scrolls of fog
 A - a scroll of torment
 K - a scroll of magic mapping
 L - 3 scrolls of silence
 P - a scroll of identify
Potions
 f - a potion of attraction {unknown}
 h - 3 potions of haste
 n - 2 potions of heal wounds
 p - 2 potions of lignification {unknown}
 q - a potion of berserk rage {unknown}
 r - 2 potions of flight
 z - 3 potions of mutation
 C - a potion of brilliance
 D - 2 potions of degeneration {unknown}
 F - 2 potions of cancellation {unknown}
 G - 3 potions of curing
 S - 2 potions of might {unknown}
 V - 2 potions of ambrosia {unknown}


   Skills:
 + Level 6.9 Fighting
 + Level 9.6 Short Blades
 + Level 6.9 Long Blades
 + Level 6.9 Axes
 + Level 6.9 Maces & Flails
 + Level 6.9 Polearms
 + Level 6.9 Staves
 + Level 6.9 Ranged Weapons
 + Level 6.9 Throwing
 + Level 6.9 Armour
 + Level 9.6 Dodging
 + Level 6.9 Stealth
 + Level 6.9 Shields
 + Level 6.9 Unarmed Combat
 + Level 6.9 Spellcasting
 + Level 5.7 Conjurations
 + Level 5.7 Hexes
 + Level 5.7 Summonings
 + Level 5.7 Necromancy
 + Level 5.7 Translocations
 + Level 5.7 Transmutations
 + Level 5.7 Fire Magic
 + Level 5.7 Ice Magic
 + Level 5.7 Air Magic
 + Level 5.7 Earth Magic
 + Level 5.7 Poison Magic
 + Level 7.5 Invocations
 + Level 11.0 Evocations


You had 16 spell levels left.
You knew the following spells:

 Your Spells              Type           Power      Damage    Failure   Level
a - Wereblood             Tmut           14%        N/A       3%          2
b - Passwall              Tmut/Erth      11%        N/A       3%          2
c - Kindle Blastsparks    Fire/Tloc/Air  28%        2d12      7%          3

Your spell library contained the following spells:

 Spells                   Type           Power      Damage    Failure   Level
 Apportation              Tloc           28%        N/A       2%          1
 Beastly Appendage        Tmut           28%        N/A       2%          1
 Sandblast                Erth           28%        2d8       2%          1
 Lesser Beckoning         Tloc           28%        N/A       3%          2
 Gell's Gravitas          Tloc           14%        N/A       7%          3
 Spider Form              Tmut/Pois      14%        N/A       7%          3
 Stone Arrow              Conj/Erth      28%        3d8       7%          3
 Teleport Other           Tloc           14%        N/A       7%          3
 Fulminant Prism          Conj/Hex       7%         3d7       22%         4
 Iskenderun's Mystic Bla  Conj/Tloc      14%        2d5       22%         4
 Alistair's Intoxication  Tmut/Pois      9%         N/A       54%         5
 Lee's Rapid Deconstruct  Erth           7%         3d6*      54%         5
 Dispersal                Tloc           7%         N/A       98%         6


Dungeon Overview and Level Annotations

Branches:
Dungeon (10/15)            Temple (0/1) D:7            Lair (0/5) D:10
    Orc: D:9-12

Altars:
Cheibriados
Dithmenos
Fedhas
Gozag
Hepliaklqana
Kikubaaqudgha
Makhleb
Nemelex Xobeh
Okawaru
Qazlal
Trog
Uskayaw
Yredelemnul


Innate Abilities, Weirdness & Mutations

You have very sharp teeth.
Your uncanny sense of smell can sniff out nearby items.
Your experience applies equally to all skills.


Message History

The puff of flame hits the eight-headed hydra!
The eight-headed hydra is almost dead.
The eight-headed hydra bites you but does no damage.
The eight-headed hydra barely misses you.
The eight-headed hydra completely misses you.
The eight-headed hydra bites you!
Your corrosive artefact corrodes you!
The eight-headed hydra completely misses you.
The eight-headed hydra bites you.
The eight-headed hydra bites you but does no damage.
The eight-headed hydra closely misses you.
Unknown command.
Unknown command.
You barely miss the eight-headed hydra.
The eight-headed hydra is almost dead.
The eight-headed hydra completely misses you.
The eight-headed hydra barely misses you. x2
The eight-headed hydra bites you! The eight-headed hydra bites you. x3
The eight-headed hydra misses you.
Aiming: Quicksilver Bolt
Press: ? - help, Shift-Dir - straight line, f/p - eight-headed hydra
Aim: an eight-headed hydra (almost dead, 92% to hit)
The bolt of dispelling energy misses the eight-headed hydra.
The eight-headed hydra closely misses you.
The eight-headed hydra misses you. x2; The eight-headed hydra bites you. x2
* * * LOW HITPOINT WARNING * * *
The eight-headed hydra closely misses you.
The eight-headed hydra barely misses you.
The eight-headed hydra bites you!
* * * LOW HITPOINT WARNING * * *
Aiming: Mindburst
Press: ? - help, Shift-Dir - straight line, f/p - eight-headed hydra
Aim: an eight-headed hydra (almost dead, chance to affect: 67%)
The eight-headed hydra struggles to resist.
The eight-headed hydra bites you but does no damage.
The eight-headed hydra completely misses you. x2
The eight-headed hydra closely misses you.
The eight-headed hydra bites you but does no damage.
The eight-headed hydra completely misses you. x2
The eight-headed hydra bites you!
You die...

#.######.#.............###.#
#........#######.##........#
########## #.########### #.#
#.######## #........#
#..#####.# #######..#####.#
∆ #..D@..........#
#)####...#..##.######
#....##................
#.....##...[.....#####.
...§...###.##.....# #.
..#.....# #.######## #.
....#....## #.# #####. #.#
#.#### #+# #..... .. ..
#.###.


You could see an eight-headed hydra.

Vanquished Creatures
  Gastronok (D:9)
  Snorg (D:10)
  Fannar (D:10)
  Harold (D:10)
  Erolcha (D:9)
  A gargoyle (D:10)
  A kobold demonologist (D:9)
  Psyche (D:8)
  A hornet (D:9)
  A polar bear (shapeshifter) (D:10)
  A wraith (D:10)
  A vampire (D:10)
  2 steam dragons
  A yak (D:10)
  2 vampire mosquitoes (D:10)
  An acid dragon (D:9)
  7 water moccasins
  6 black bears
  An orc warrior (D:10)
  2 ice beasts (D:7)
  2 sky beasts
  3 ogres
  3 centaurs
  2 phantoms
  3 kobold brigands
  Blork the orc (D:5)
  A gnoll sergeant (D:8)
  5 scorpions
  6 bullfrogs
  11 wights
  15 killer bees
  2 howler monkeys
  A jelly (D:6)
  A gnoll bouda (D:2)
  4 hounds
  4 orc priests
  Jessica (D:3)
  4 iguanas
  3 sleepcaps
  Natasha (thrice) (D:2)
  5 orc wizards
  8 gnolls
  11 adders
  3 shadow imps
  A white imp (D:6)
  2 ufetubi
  2 worms (D:2)
  3 dart slugs
  18 orcs
  8 ball pythons
  7 endoplasms
  3 giant cockroaches
  6 goblins
  9 hobgoblins
  25 kobolds
  9 quokkas
  5 bats
  A frilled lizard (D:1)
  7 rats
242 creatures vanquished.

Vanquished Creatures (others)
  14 fungi (D:10)
  6 plants (D:10)
20 creatures vanquished.

Grand Total: 262 creatures vanquished

Notes
Turn   | Place    | Note
-------+----------+-------------------------------------------
     0 | D:1      | jtron the Gnoll Wanderer began the quest for the Orb.
     0 | D:1      | jtron set off with the following items: a +0 short sword, 2
                  | throwing nets, a +0 leather armour, a wand of flame (3), a
                  | scroll of blinking.
     0 | D:1      | Reached XP level 1. HP: 13/13 MP: 1/1
    66 | D:1      | Reached XP level 2. HP: 16/19 MP: 2/2
   452 | D:1      | Reached XP level 3. HP: 25/25 MP: 3/3
   689 | D:1      | Found a faded altar of an unknown god.
   839 | D:2      | Reached skill level 1 in Invocations
   965 | D:2      | Reached skill level 1 in Fighting
   965 | D:2      | Reached skill level 1 in Long Blades
   965 | D:2      | Reached skill level 1 in Axes
   965 | D:2      | Reached skill level 1 in Maces & Flails
   965 | D:2      | Reached skill level 1 in Polearms
   965 | D:2      | Reached skill level 1 in Staves
   965 | D:2      | Reached skill level 1 in Ranged Weapons
   965 | D:2      | Reached skill level 1 in Throwing
   965 | D:2      | Reached skill level 1 in Armour
   965 | D:2      | Reached skill level 1 in Stealth
   965 | D:2      | Reached skill level 1 in Shields
   965 | D:2      | Reached skill level 1 in Unarmed Combat
   965 | D:2      | Reached skill level 1 in Spellcasting
   970 | D:2      | Found an iron altar of Okawaru.
   985 | D:2      | Became a worshipper of Warmaster Okawaru
  1069 | D:2      | Reached XP level 4. HP: 32/32 MP: 5/5
  1078 | D:2      | Identified a scroll of acquirement
  1078 | D:2      | Acquired the ring "Kuinucvi" {rC+ Str+6 Dex+3}
  1304 | D:2      | Reached skill level 1 in Conjurations
  1304 | D:2      | Reached skill level 1 in Hexes
  1304 | D:2      | Reached skill level 1 in Summonings
  1304 | D:2      | Reached skill level 1 in Necromancy
  1304 | D:2      | Reached skill level 1 in Translocations
  1304 | D:2      | Reached skill level 1 in Transmutations
  1304 | D:2      | Reached skill level 1 in Fire Magic
  1304 | D:2      | Reached skill level 1 in Ice Magic
  1304 | D:2      | Reached skill level 1 in Air Magic
  1304 | D:2      | Reached skill level 1 in Earth Magic
  1304 | D:2      | Reached skill level 1 in Poison Magic
  1318 | D:2      | Reached XP level 5. HP: 7/37 MP: 5/7
  1641 | D:2      | Noticed Natasha
  1654 | D:2      | Killed Natasha
  1878 | D:2      | Noticed Natasha
  1889 | D:2      | Killed Natasha
  1889 | D:2      | Reached * piety under Okawaru
  1889 | D:2      | Noticed Natasha
  1894 | D:2      | Killed Natasha
  1917 | D:3      | Reached XP level 6. HP: 36/44 MP: 5/8
  2036 | D:3      | Identified the +1 cloak "Ikostraol" {Harm *Corrode rF+
                  | Slay+2}
  2060 | D:3      | Noticed Jessica
  2104 | D:3      | Killed Jessica
  2755 | D:4      | Reached XP level 7. HP: 30/50 MP: 7/10
  3073 | D:4      | Reached skill level 9 in Evocations
  3369 | D:4      | Acquired the +0 pair of boots "Dakydid" {Rampage rC+
                  | Stlth+}
  3653 | D:5      | Entered Level 5 of the Dungeon
  3671 | D:5      | Reached XP level 8. HP: 58/58 MP: 12/12
  3686 | D:5      | Reached ** piety under Okawaru
  3760 | D:5      | Noticed Blork the orc
  3770 | D:5      | Found an iron altar of Okawaru.
  3848 | D:5      | Killed Blork the orc
  4035 | D:5      | Reached XP level 9. HP: 56/65 MP: 14/14
  4066 | D:5      | Found a stormy altar of Qazlal.
  4531 | D:5      | Found an opulent altar of Gozag.
  4818 | D:6      | Reached *** piety under Okawaru
  4962 | D:6      | Received a gift from Okawaru
  4963 | D:6      | Reached skill level 5 in Invocations
  5446 | D:7      | Found a basalt altar of Yredelemnul.
  5582 | D:7      | Found a staircase to the Ecumenical Temple.
  5638 | D:7      | Reached skill level 5 in Fighting
  5638 | D:7      | Reached skill level 5 in Long Blades
  5638 | D:7      | Reached skill level 5 in Axes
  5638 | D:7      | Reached skill level 5 in Maces & Flails
  5638 | D:7      | Reached skill level 5 in Polearms
  5638 | D:7      | Reached skill level 5 in Staves
  5638 | D:7      | Reached skill level 5 in Ranged Weapons
  5638 | D:7      | Reached skill level 5 in Throwing
  5638 | D:7      | Reached skill level 5 in Armour
  5638 | D:7      | Reached skill level 5 in Stealth
  5638 | D:7      | Reached skill level 5 in Shields
  5638 | D:7      | Reached skill level 5 in Unarmed Combat
  5638 | D:7      | Reached skill level 5 in Spellcasting
  5638 | D:7      | Reached XP level 10. HP: 74/74 MP: 17/17
  5665 | D:7      | Found a bloodstained altar of Trog.
  5866 | D:7      | Reached skill level 10 in Evocations
  5911 | D:7      | Learned a level 2 spell: Wereblood
  6145 | D:8      | Noticed a +0 dagger
  6145 | D:8      | Noticed a +0 hand axe
  6146 | D:8      | Found a hide-covered altar of Uskayaw.
  6167 | D:8      | Reached **** piety under Okawaru
  6211 | D:8      | Noticed Psyche
  6216 | D:8      | Received a gift from Okawaru
  6224 | D:8      | Killed Psyche
  6284 | D:8      | Identified the +3 dagger of the Establishment {freeze,
                  | rPois}
  6771 | D:9      | Found a blossoming altar of Fedhas.
  6784 | D:9      | Noticed Erolcha
  6784 | D:9      | Noticed a kobold demonologist
  6785 | Abyss:1  | Cast into level 1 of the Abyss (Erolcha)
  6801 | D:9      | Escaped the Abyss
  6806 | D:9      | Killed Erolcha
  6806 | D:9      | Received a gift from Okawaru
  6820 | D:9      | Killed a kobold demonologist
  7017 | D:9      | Noticed Gastronok
  7025 | D:9      | Killed Gastronok
  7026 | D:9      | Reached skill level 5 in Conjurations
  7026 | D:9      | Reached skill level 5 in Hexes
  7026 | D:9      | Reached skill level 5 in Summonings
  7026 | D:9      | Reached skill level 5 in Necromancy
  7026 | D:9      | Reached skill level 5 in Translocations
  7026 | D:9      | Reached skill level 5 in Transmutations
  7026 | D:9      | Reached skill level 5 in Fire Magic
  7026 | D:9      | Reached skill level 5 in Ice Magic
  7026 | D:9      | Reached skill level 5 in Air Magic
  7026 | D:9      | Reached skill level 5 in Earth Magic
  7026 | D:9      | Reached skill level 5 in Poison Magic
  7026 | D:9      | Reached XP level 11. HP: 81/81 MP: 18/20
  7088 | D:9      | Found a burning altar of Makhleb.
  7189 | D:9      | Found an ancient bone altar of Kikubaaqudgha.
  7305 | D:9      | Found a shadowy altar of Dithmenos.
  7306 | D:9      | Found a hazy altar of Hepliaklqana.
  8039 | D:9      | Learned a level 2 spell: Passwall
  8043 | D:9      | Learned a level 3 spell: Kindle Blastsparks
  8044 | D:10     | Entered Level 10 of the Dungeon
  8100 | D:10     | Reached ***** piety under Okawaru
  8100 | D:10     | Received a gift from Okawaru
  8185 | D:10     | Found a sparkling altar of Nemelex Xobeh.
  8284 | D:10     | Noticed a harpy
  8293 | D:10     | a harpy changed into a polar bear
  8297 | D:10     | Received a gift from Okawaru
  8324 | D:10     | Received a gift from Okawaru
  8342 | D:10     | Found a staircase to the Lair.
  8448 | D:10     | Found a snail-covered altar of Cheibriados.
  8448 | D:10     | Noticed Harold
  8538 | D:10     | Killed Harold
  8717 | D:10     | Noticed Snorg
  8735 | D:10     | Killed Snorg
  8735 | D:10     | Received a gift from Okawaru
  8998 | D:10     | Noticed Fannar
  8998 | D:10     | Noticed an eight-headed hydra
  9006 | D:10     | Killed Fannar
  9007 | D:10     | Reached skill level 11 in Evocations
  9010 | D:10     | Slain by an eight-headed hydra

Illustrated notes

Levels and vault maps discovered:
D:1:      roderic_octagonal_star, layout_loops_ring,
          dreamdust_ecumenical_altar_statues, serial_glass, glass_columns_b,
          glass_columns_c
D:2:      layout_basic, basic_altar, uniq_natasha
D:3:      layout_rooms, st_stairs_1, minmay_misc_feat_five, uniq_jessica
D:4:      layout_basic
D:5:      minmay_spotlight, layout_loops_ring, okawaru_ov_weapons_minmay,
          lemuel_round_altar, grunt_gozag_breadcrumbs, uniq_blork_the_orc
D:6:      layout_rooms
D:7:      layout_cave_pools, kennysheep_mini, overflow_temple_1_default,
          minmay_temple_entry_hall, eino_jars
D:8:      layout_loops_ring, dancing_weapons_uskayaw, uniq_psyche
D:9:      layout_layer_cave, riverfiend_overflow_shadow_ancestor,
          lightli_temple_of_fire, nicolae_overflow_crystal_walls,
          mainiacjoe_overflow_alcove_1, uniq_erolcha, uniq_gastronok
D:10:     layout_loops_corners, amcnicky_altar_gilded,
          nemelex_spade_bored_becter, due_lair_maze_entry_diamond, orc_0_dummy,
          serial_shops, nicolae_shop_advertising_works
          [nicolae_subvault_shop_adworks], st_stairs_3,
          minmay_misc_feat_enclosed, uniq_harold, uniq_fannar, uniq_snorg

Skill      XL: |  1  2  3  4  5  6  7  8  9 10 11 |
---------------+----------------------------------+-----
Invocations    | 1 2 3 4 5 6 7 |  7.5
Fighting       | 1 2 3 5 6 |  6.9
Long Blades    | 1 2 3 5 6 |  6.9
Axes           | 1 2 3 5 6 |  6.9
Maces & Flails | 1 2 3 5 6 |  6.9
Polearms       | 1 2 3 5 6 |  6.9
Staves         | 1 2 3 5 6 |  6.9
Ranged Weapons | 1 2 3 5 6 |  6.9
Throwing       | 1 2 3 5 6 |  6.9
Armour         | 1 2 3 5 6 |  6.9
Stealth        | 1 2 3 5 6 |  6.9
Shields        | 1 2 3 5 6 |  6.9
Unarmed Combat | 1 2 3 5 6 |  6.9
Spellcasting   | 1 2 3 5 6 |  6.9
Conjurations   | 1 2 3 4 5 |  5.7
Hexes          | 1 2 3 4 5 |  5.7
Summonings     | 1 2 3 4 5 |  5.7
Necromancy     | 1 2 3 4 5 |  5.7
Translocations | 1 2 3 4 5 |  5.7
Transmutations | 1 2 3 4 5 |  5.7
Fire Magic     | 1 2 3 4 5 |  5.7
Ice Magic      | 1 2 3 4 5 |  5.7
Air Magic      | 1 2 3 4 5 |  5.7
Earth Magic    | 1 2 3 4 5 |  5.7
Poison Magic   | 1 2 3 4 5 |  5.7
Short Blades   | 7 8 9 |  9.6
Dodging        | 7 8 9 |  9.6
Evocations     | 9 10 11 | 11.0

Action                     |  1- 3 |  4- 6 |  7- 9 | 10-12 || total
---------------------------+-------+-------+-------+-------++-------
  Melee: Short sword       |    27 |       |       |       ||    27
         Bite              |    15 |    12 |    31 |    35 ||    93
         Dagger            |    94 |   124 |   256 |   272 ||   746
         Punch             |     3 |     3 |    11 |    14 ||    31
   Fire: Sling             |     4 |    23 |       |       ||    27
  Throw: Stone             |     3 |       |     4 |       ||     7
         Dart              |       |       |     6 |       ||     6
         Javelin           |       |       |     4 |       ||     4
   Cast: Wereblood         |       |       |       |     7 ||     7
 Invoke: Heroism           |       |     2 |     4 |     6 ||    12
  Evoke: Wand              |       |       |     3 |     9 ||    12
    Use: Scroll            |     2 |     5 |    13 |     5 ||    25
         Potion            |       |     2 |       |     2 ||     4
   Stab: Sleeping          |     2 |     2 |    12 |    11 ||    27
         Distracted        |       |       |       |     1 ||     1
 Armour: Leather armour    |     8 |    20 |    31 |    17 ||    76
         Acid dragon scale |       |       |       |    46 ||    46
  Dodge: Dodged            |    66 |   102 |   132 |   205 ||   505

Table legend: (Time is in decaauts)
 A = Elapsed time spent in this place.
 B = Non-inter-level travel time spent in this place.
 C = Inter-level travel time spent in this place.
 D = Time resting spent in this place.
 E = Time spent auto-exploring this place.
 F = Levels seen in this place.
 G = Mean time per level.
                   A        B        C        D        E       F      G
               +--------+--------+--------+--------+--------+-----+--------+
         Total |   8734 |   8315 |    419 |    624 |   6029 |  11 |  794.0 |
       Dungeon |   8719 |   8300 |    419 |    624 |   6020 |  10 |  871.9 |
         Abyss |     15 |     15 |      0 |      0 |      9 |   1 |   15.0 |
               +--------+--------+--------+--------+--------+-----+--------+

Top non-repeatable levels by time:
     D:9: 1287 daAuts
     D:4: 1124 daAuts
     D:2: 1054 daAuts
     D:5: 1029 daAuts
    D:10: 934 daAuts
     D:1: 804 daAuts
     D:8: 748 daAuts
     D:6: 585 daAuts
     D:7: 574 daAuts
     D:3: 574 daAuts
 Abyss:1: 15 daAuts
